 Dungeon Crawl Stone Soup version 0.28-a0-863-g8cecda6153 (webtiles) character file.

Game seed: 8269116082264843753

28 meatgazer the Skirmisher (level 2, -3/25 HPs)
             Began as a Demonspawn Abyssal Knight on Nov 16, 2021.
             Was a Follower of Lugonu.
             Slain by a lorocyproca (28 damage)
             ... on level 2 of the Abyss.
             The game lasted 00:00:32 (80 turns).

meatgazer the Skirmisher (Demonspawn Abyssal Knight)  Turns: 80, Time: 00:00:33

Health: -3/25      AC:  3    Str: 13    XL:     2   Next: 96%
Magic:  4/4        EV: 11    Int: 11    God:    Lugonu [*.....]
Gold:   43         SH:  4    Dex: 13    Spells: 1/1 levels left

rFire   . . .      SeeInvis .   a - +1 spear
rCold   . . .      Faith    .   (no shield)
rNeg    . . .      Spirit   .   b - +0 leather armour
rPois   .          Reflect  .   (no helmet)
rElec   .          Harm     .   (no cloak)
rCorr   .          Rampage  .   (no gloves)
Will    .....                   (no boots)
Stlth   +.........              (no amulet)
HPRegen 0.08/turn               (no ring)
MPRegen 0.09/turn               (no ring)

@: no status effects
A: condensation shield
a: Renounce Religion, Depart the Abyss


You were on level 2 of the Abyss.
You worshipped Lugonu.
Lugonu was aware of your devotion.
You visited 0 branches of the dungeon, and saw 0 of its levels.
You visited the Abyss 1 time.

You collected 43 gold pieces.

Inventory:

Hand Weapons
 a - a +1 spear (weapon)
Armour
 b - a +0 leather armour (worn)
Wands
 c - a wand of mindburst (16)
 d - a wand of iceblast (3)


   Skills:
 + Level 3.7 Fighting
 + Level 2.0 Polearms
 + Level 2.0 Armour
 + Level 0.9 Dodging
 + Level 2.7 Invocations


You had one spell level left.
You didn't know any spells.
Your spell library was empty.

Dungeon Overview and Level Annotations

Branches:
Dungeon (0/15)

Altars:


Innate Abilities, Weirdness & Mutations

A meltable shield of frost defends you. (SH +4)


Message History

You plunge deeper into the Abyss.
Found a glass wand.
Found 22 poisoned darts.
c - a wand of mindburst (18)
Found a plate armour.
You now have 16 gold pieces.
Found a halberd.
A jelly comes into view.
Aiming: Mindburst
Press: ? - help, Shift-Dir - straight line, f - you
Okay, then.
You see here a +0 halberd.
You see here 27 gold pieces.
Found an ivory wand.
You see here a wand of iceblast (4).
d - a wand of iceblast (4)
Aiming: Iceblast
Press: ? - help, Shift-Dir - straight line, f - jelly
Aim: a jelly The mass of ice explodes!
The iceblast engulfs the jelly!
You kill the jelly!
Your Polearms skill increases to level 2!
Your Armour skill increases to level 2!
You have reached level 2!
Your demonic ancestry asserts itself...
Frost condenses into a shield before you.
The substance of the Abyss twists violently, and a gateway leading out appears!
There is a gateway leading out of the Abyss here.
You now have 43 gold pieces (gained 27).
You hear a chilling moan.
There is a strange disturbance nearby!
Aiming: Mindburst
Press: ? - help, Shift-Dir - straight line Nothing appears to happen.
You hear a loud rustle.
Aiming: Mindburst
Press: ? - help, Shift-Dir - straight line Nothing appears to happen.
Something hits you!!
Ouch! That really hurt!
You die...

........ . . ..
.. ... . . . #. #
...... .# #.. ##
. # . . ..
.###.##.######.#
. # #.
..###.....#.##..#
. ..
#....#.#.......##
##.##
#....##..#.....
##...#. ##..
#@.###...# . .#
## # #.###...#
### # ##...
....#..........#
. . .#
##.#.##..#.#.# #
. # # . #....#
)##....# ... #
.#......#. #..###
#.. ..#......
..#.∩.#.. .
#.###.........
..# . #. . #.#
.##...... . .


There were no monsters in sight!

Vanquished Creatures
  A jelly (Abyss:2)
1 creature vanquished.

Notes
Turn   | Place    | Note
-------+----------+-------------------------------------------
     0 | Abyss:1  | meatgazer the Demonspawn Abyssal Knight began the quest for
                  | the Orb.
     0 | Abyss:1  | Reached XP level 1. HP: 18/18 MP: 2/2
    48 | Abyss:2  | Noticed a jelly
    60 | Abyss:2  | Killed a jelly
    61 | Abyss:2  | Gained mutation: A meltable shield of frost defends you.
                  | (SH +4) [demonic ancestry]
    61 | Abyss:2  | Reached XP level 2. HP: 25/25 MP: 4/4
    80 | Abyss:2  | Slain by a lorocyproca

Illustrated notes

Levels and vault maps discovered:
Abyss:2:  base: Temple, evilmike_abyss_exit_6

Skill      XL: |  1 |
---------------+----+-----
Polearms       | 2 |  2.0
Armour         | 2 |  2.0
Fighting       | |  3.7
Dodging        | |  0.9
Invocations    | |  2.7

Action                   || total
-------------------------++-------
Evoke: Wand              ||     3

Table legend: (Time is in decaauts)
 A = Elapsed time spent in this place.
 B = Non-inter-level travel time spent in this place.
 C = Inter-level travel time spent in this place.
 D = Time resting spent in this place.
 E = Time spent auto-exploring this place.
 F = Levels seen in this place.
 G = Mean time per level.
                   A        B        C        D        E       F      G
               +--------+--------+--------+--------+--------+-----+--------+
         Total |     79 |     79 |      0 |      0 |     54 |   2 |   39.5 |
         Abyss |     79 |     79 |      0 |      0 |     54 |   2 |   39.5 |
               +--------+--------+--------+--------+--------+-----+--------+

Top non-repeatable levels by time:
 Abyss:2: 72 daAuts
 Abyss:1: 7 daAuts
